 Dungeon Crawl Stone Soup version 0.18.1-47-g9310371 (webtiles) character file.

200 Ery the Cudgeler (level 5, -8/48 HPs)
             Began as a Minotaur Berserker on June 15, 2016.
             Was a Believer of Trog.
             Killed by nerve-wracking pain
             ... invoked by Grinder
              (13 damage)
             ... while paralysed by Grinder
             ... on level 3 of the Dungeon.
             The game lasted 00:04:24 (1630 turns).

Ery the Cudgeler (Minotaur Berserker)               Turns: 1630, Time: 00:04:24

Health: -8/48      AC: 11    Str: 21    XL:     5   Next: 48%
Magic:  4/4        EV:  2    Int:  4    God:    Trog [**....]
Gold:   150        SH:  0    Dex: 11    Spells: 0 memorised, 4 levels left

rFire  . . .     SeeInvis .     a - +0 mace
rCold  + . .     Gourm    .     k - +0 plate armour
rNeg   . . .     Faith    .     (no shield)
rPois  +         Spirit   .     (helmet restricted)
rElec  .         Dismiss  .     (no cloak)
rCorr  .         Reflect  .     (no gloves)
SustAt .         Harm     .     (no boots)
MR     .....                    (no amulet)
Stlth  ..........               r - ring of protection from cold
                                g - ring of poison resistance

@: paralysed, exhausted, slowed, not resistant to hostile enchantments,
extremely unstealthy
A: retaliatory headbutt, horns 2
a: Berserk, Trog's Hand, Burn Spellbooks, Renounce Religion


You were on level 3 of the Dungeon.
You worshipped Trog.
Trog was pleased with you.
You were hungry.

You visited 1 branch of the dungeon, and saw 3 of its levels.

You collected 150 gold pieces.

Inventory:

Hand Weapons
 a - a +0 mace (weapon)
Armour
 b - a +0 animal skin
 k - a +0 plate armour (worn)
 l - a +2 robe of magic resistance
Jewellery
 g - a ring of poison resistance (left hand)
 r - a ring of protection from cold (right hand)
Scrolls
 e - 2 scrolls of remove curse
 j - a scroll of enchant armour
 n - a scroll of teleportation
 t - a scroll of fear {unknown}
Potions
 f - a potion of agility {unknown}
 m - a potion of flight {unknown}
 p - a potion of curing {unknown}
 q - a potion of cure mutation {unknown}
 s - a potion of brilliance {unknown}
 u - a potion of lignification {unknown}
Comestibles
 c - 4 bread rations
 d - a beef jerky
 h - 8 chunks of flesh
 i - a meat ration


   Skills:
 + Level 5.2 Fighting
 + Level 5.4 Maces & Flails
 + Level 3.6 Armour
 + Level 2.9 Dodging


You had 4 spell levels left.
You didn't know any spells.

Dungeon Overview and Level Annotations

Branches:
Dungeon (3/15)

Altars:
Cheibriados

Annotations:
D:3 Grinder, Robin


Innate Abilities, Weirdness & Mutations

You reflexively headbutt those who attack you in melee.
You have a pair of horns on your head.


Message History

Grinder gestures at you.
You suddenly lose the ability to move!
Grinder gestures at you.
You shrug off the repeated paralysis!
A goblin comes into view. It is wielding a club.
The goblin shouts!
Grinder hits you but does no damage. The goblin hits you but does no damage.
Robin throws the goblin at you!
* * * LOW HITPOINT WARNING * * *
Grinder hits you but does no damage.
The goblin hits you but does no damage. x2
Robin throws the goblin at you! Grinder hits you but does no damage.
The goblin hits you but does no damage. The goblin hits you.
* * * LOW HITPOINT WARNING * * *
The goblin hits you but does no damage. The goblin hits you with a club.
* * * LOW HITPOINT WARNING * * *
The goblin hits you but does no damage.
Robin zaps a wand.
Some rock shatters into small pieces.
Grinder gestures at you. Pain shoots through your body!
You die...

#############
............#
..#########.#######
..########...##...##
...................#
..##...###..^##5gg.#
..#.....###.###.@g.#
........# #.....gg##
###.....# ##.#..gg#
#...## ##...gg# #...
....g..# ###
####.g..# #.....
#..#.## #..#.#


You could see Grinder, Robin, 4 hobgoblins and 6 goblins.

Vanquished Creatures
  The ghost of frankiefran the Digger, an amateur TrEE (D:3)
  2 orc wizards (D:3)
  3 adders
  A worm (D:1)
  2 orcs (D:3)
  A ball python (D:1)
  3 bats
  3 giant cockroaches
  A goblin (D:3)
  2 hobgoblins (D:1)
  A quokka (D:2)
  3 giant newts
  8 kobolds
  A rat (D:3)
32 creatures vanquished.

Notes
Turn   | Place    | Note
--------------------------------------------------------------
     0 | D:1      | Ery the Minotaur Berserker began the quest for the Orb.
     0 | D:1      | Reached XP level 1. HP: 19/19 MP: 0/0
   463 | D:1      | Reached XP level 2. HP: 27/27 MP: 1/1
  1019 | D:2      | Reached XP level 3. HP: 28/33 MP: 2/2
  1064 | D:2      | Reached ** piety under Trog
  1359 | D:3      | Noticed frankiefran's ghost (amateur TrEE)
  1387 | D:3      | Killed frankiefran's ghost
  1387 | D:3      | Reached skill level 5 in Maces & Flails
  1387 | D:3      | Reached XP level 4. HP: 41/41 MP: 3/3
  1431 | D:3      | Reached skill level 5 in Fighting
  1470 | D:3      | Reached XP level 5. HP: 43/48 MP: 4/4
  1601 | D:3      | Found a snail-covered altar of Cheibriados.
  1605 | D:3      | Noticed Grinder
  1606 | D:3      | Paralysed by Grinder for 4 turns
  1613 | D:3      | Noticed Robin
  1626 | D:3      | Paralysed by Grinder for 6 turns
  1630 | D:3      | Killed from afar by Grinder

Skill      XL: |  1  2  3  4 |
---------------+-------------+-----
Maces & Flails | 4 5 |  5.4
Fighting       | 4 5 |  5.2
Armour         | 3 |  3.6
Dodging        | |  2.9

Action                   |  1- 3 |  4- 6 || total
-------------------------+-------+-------++-------
Melee: Mace              |    71 |    38 ||   109
       Headbutt          |    14 |     3 ||    17
Invok: Berserk           |     1 |     1 ||     2
  Use: Scroll            |     3 |       ||     3
  Eat: Pizza             |     1 |       ||     1
       Chunk             |       |     2 ||     2
Armor: Animal skin       |     9 |       ||     9
       Plate armour      |    31 |    38 ||    69
Dodge: Dodged            |    37 |    13 ||    50
